AoeStats
← CMCHJK

Baltic

510648190Analyzed
2v2 RM · 20h ago on Oct 2, 2026· 49m 49s· 4 players
Game mode
Random Map
Map size
Medium (4 player)
Population
200
Speed
Normal
Resources
Standard
Victory
Conquest
Starting age
Dark Age
Ending age
Imperial Age
RankedLock teamsTeams togetherTeam positionsShared explorationLock speedFull tech treeHidden civsTurbo modeCheats
Victory
Defeat
🇩🇪 Dravidians · Germany
1418
+9
🇺🇸 Varangians · United States
1358
+12
🇵🇪 Italians · Peru
1272
-11
🇺🇸 Varangians · United States
1253
-10
CMCHJK
7:14 Loom
9:58 Feudal Age
11:03 Double-Bit Axe
14:05 Bloodlines
14:59 Scale Barding Armor
16:15 Wheelbarrow
18:44 Horse Collar
18:57 Gold Mining
21:39 Castle Age
20:05 Forging
21:42 Light Cavalry
22:27 Husbandry
22:48 Chain Barding Armor
26:18 Iron Casting
31:30 Bow Saw
31:21 Heavy Plow
37:50 Imperial Age
36:20 Hand Cart
35:58 Fletching
36:56 Bodkin Arrow
37:08 Heavy Plow
37:01 Stone Mining
37:53 Heavy Mounted Crossbowman
38:34 Bracer
38:01 Cranequins
40:59 Two-Man Saw
41:42 Ballistics
42:37 Padded Archer Armor
44:05 Chemistry
43:05 Hussar
43:59 Treadmill Crane
44:46 Leather Archer Armor
44:45 Masonry
48:26 Ring Archer Armor
48:03 Siege Engineers
48:42 Plate Barding Armor
49:08 Blast Furnace
49:39 Conscription
Bechti420
8:06 Loom
11:35 Feudal Age
12:29 Double-Bit Axe
12:37 Gold Mining
18:09 Castle Age
16:23 Fishing Lines
19:03 Wheelbarrow
19:22 Medium Warships
20:20 Forging
24:50 Horse Collar
26:37 Siphons
26:52 Clinker Construction
28:14 Gillnets
29:43 Iron Casting
31:26 Heavy Plow
31:38 Bow Saw
31:20 Stone Mining
33:47 Ballistics
36:35 Imperial Age
36:19 Hand Cart
35:49 Town Watch
37:57 Heavy Warships
37:26 Fletching
38:50 Chemistry
38:59 Blast Furnace
39:14 Two-Man Saw
38:41 Bodkin Arrow
39:24 Shipwright
39:15 Careening
40:21 Bracer
41:05 Conscription
41:40 Carvel Hull
41:42 Dry Dock
41:12 Elite Cannon Galleon
43:46 Scale Mail Armor
43:49 Padded Archer Armor
45:36 Chain Mail Armor
45:36 Leather Archer Armor
46:52 Man-at-Arms
47:18 Gambesons
47:33 Squires
47:19 Arson
46:58 Elite Skirmisher
47:43 Thumb Ring
48:11 Plate Mail Armor
48:11 Ring Archer Armor
48:11 Long Swordsman
49:37 Two-Handed Swordsman
Femboy Hooters
7:23 Loom
12:20 Feudal Age
14:23 Double-Bit Axe
21:23 Castle Age
21:24 Fletching
22:23 Horse Collar
22:31 Fishing Lines
23:05 Bodkin Arrow
24:31 Pikeman
28:22 Scale Barding Armor
28:27 Forging
28:41 Heavy Plow
29:48 Wheelbarrow
34:50 Clinker Construction
34:51 Careening
37:53 Gold Mining
41:55 Imperial Age
43:31 Husbandry
43:41 Bloodlines
43:59 Chain Barding Armor
44:20 Vendel Legacy
45:13 Cavalier
47:13 Conscription
50:07 Plate Barding Armor
Pinchost
13:45 Feudal Age
17:48 Castle Age
16:15 Fletching
17:58 Loom
18:06 Double-Bit Axe
18:43 Medium Warships
18:42 Bodkin Arrow
19:46 Bow Saw
21:02 Wheelbarrow
21:29 Padded Archer Armor
23:27 Leather Archer Armor
24:16 Hand Cart
24:19 Demolition Ship
30:21 Ballistics
42:42 Imperial Age
43:24 Bracer
44:27 Chemistry
44:01 Conscription
44:15 Pirotechnia
48:00 Ring Archer Armor
48:11 Thumb Ring
Connection lost

Rejoining the realm…

Still unreachable

The connection could not be restored.

Session expired

The server has moved on; the page needs a fresh start.